AoeStats
← ME_DEPRIME_JUGAR_CON_USTEDES

Lombardia

509251569Analyzed
4v4 RM · 5d ago on Sep 26, 2026· 56m 22s· 8 players
Game mode
Random Map
Map size
Large (8 player)
Population
200
Speed
Normal
Resources
Standard
Victory
Conquest
Starting age
Dark Age
Ending age
Imperial Age
RankedLock teamsTeams togetherTeam positionsShared explorationLock speedFull tech treeHidden civsTurbo modeCheats
Victory
Defeat
1552
+11
🇦🇷 Berbers · Argentina
1461
+15
🇦🇷 Burmese · Argentina
1421
+16
🇦🇷 Goths · Argentina
1394
+17
🇦🇷 Koreans · Argentina
1597
-21
🇦🇷 Ethiopians · Argentina
1481
-17
🇨🇱 Vikings · Chile
1408
-14
🇦🇷 Lithuanians · Argentina
1229
-7
__24_Thorfin_Arg
6:45 Loom
9:49 Feudal Age
12:50 Fletching
17:53 Wheelbarrow
18:03 Double-Bit Axe
18:06 Horse Collar
24:24 Castle Age
22:49 Padded Archer Armor
24:37 Gold Mining
24:29 Crossbowman
25:06 Bodkin Arrow
25:38 Thumb Ring
27:16 Town Watch
27:55 Bow Saw
28:16 Leather Archer Armor
30:52 Ballistics
31:44 Hand Cart
33:44 Heavy Plow
34:20 Gold Shaft Mining
37:45 Imperial Age
35:21 Elite Skirmisher
37:47 Arbalester
38:29 Bracer
38:59 Ring Archer Armor
39:53 Chemistry
39:03 Masonry
39:32 Conscription
43:14 Elite Skirmisher
45:58 Caravan
50:59 Two-Man Saw
_38_VirusBox_Arg
6:30 Loom
8:50 Feudal Age
10:03 Double-Bit Axe
13:40 Fletching
23:55 Castle Age
23:55 Horse Collar
24:06 Gold Mining
24:18 Crossbowman
24:57 Bodkin Arrow
29:53 Ballistics
36:00 Imperial Age
35:27 Wheelbarrow
35:03 Bow Saw
35:07 Town Watch
36:22 Arbalester
38:23 Chemistry
38:11 Bracer
38:23 Thumb Ring
40:50 Conscription
41:55 Hand Cart
41:23 Heavy Rocket Cart
41:43 Capped Ram
44:16 Two-Man Saw
43:17 Heavy Plow
46:40 Murder Holes
46:26 Treadmill Crane
47:10 Eupseong
49:35 Masonry
49:37 Elite Skirmisher
50:48 Caravan
53:43 Hand Cart
As_Nicodemus_Arg
6:23 Loom
8:48 Feudal Age
9:35 Double-Bit Axe
15:23 Wheelbarrow
20:31 Castle Age
18:56 Forging
18:42 Horse Collar
19:24 Bloodlines
21:14 Scale Barding Armor
21:18 Gold Mining
21:27 Light Cavalry
22:08 Husbandry
24:57 Chain Barding Armor
31:30 Town Watch
34:34 Imperial Age
32:31 Bow Saw
34:38 Cavalier
35:55 Plate Barding Armor
36:56 Hand Cart
37:31 Iron Casting
36:57 Paladin
39:06 Heavy Plow
39:31 Guilds
41:33 Winged Hussar
42:44 Onager
48:48 Conscription
49:31 Padded Archer Armor
50:08 Crop Rotation
53:37 Padded Archer Armor
53:28 Fletching
54:40 Chemistry
54:46 Fortified Wall
happix
11:20 Feudal Age
11:11 Loom
14:55 Castle Age
12:52 Double-Bit Axe
13:35 Horse Collar
19:56 Fervor
22:34 Bow Saw
22:25 Heavy Plow
23:47 Gold Mining
30:30 Imperial Age
27:54 Stone Mining
28:40 Gold Shaft Mining
29:25 Coinage
31:38 Ballistics
31:10 Fletching
32:22 Banking
33:32 Bodkin Arrow
35:13 Two-Man Saw
35:14 Conscription
35:10 Bracer
36:12 Chemistry
37:55 Caravan
39:10 Scale Mail Armor
39:21 Forging
39:05 Treadmill Crane
39:37 Masonry
40:32 Chain Mail Armor
40:51 Chieftains
41:29 Iron Casting
41:01 Elite Berserk
41:53 Squires
42:57 Crop Rotation
43:00 Plate Mail Armor
43:31 Blast Furnace
44:04 Arson
45:28 Architecture
45:45 Hoardings
46:34 Siege Engineers
45:59 Heavy Scorpion
47:10 Elite Varangian Guard
50:10 Capped Ram
52:47 Siege Ram
ds_manu2
11:01 Feudal Age
12:35 Loom
17:13 Castle Age
19:09 Fletching
24:41 Bodkin Arrow
25:32 Padded Archer Armor
26:36 Town Watch
28:33 Horse Collar
30:00 Wheelbarrow
30:22 Bloodlines
30:12 Husbandry
31:26 Heavy Plow
34:17 Ballistics
35:00 Hand Cart
38:40 Imperial Age
39:25 Bracer
40:53 Chemistry
39:34 Treadmill Crane
40:20 Conscription
42:56 Elite Arambai
44:29 Elite Battle Elephant
53:50 Manipur Cavalry
54:44 Crop Rotation
JLoops
4:58 Loom
10:36 Feudal Age
14:30 Castle Age
13:20 Double-Bit Axe
18:56 Scale Mail Armor
19:37 Forging
21:14 Chain Mail Armor
21:20 Squires
25:30 Town Watch
27:56 Horse Collar
32:01 Bow Saw
32:49 Heavy Plow
34:11 Wheelbarrow
34:23 Gold Mining
38:45 Imperial Age
36:58 Hand Cart
38:24 Iron Casting
37:55 Anarchy
38:48 Stone Mining
40:30 Blast Furnace
39:04 Elite Huskarl
39:46 Pikeman
41:03 Conscription
42:00 Halberdier
48:00 Two-Man Saw
47:31 Crop Rotation
47:26 Town Patrol
48:12 Caravan
53:46 Stone Shaft Mining
53:38 Treadmill Crane
Nikems
9:08 Loom
12:03 Feudal Age
18:12 Castle Age
16:39 Double-Bit Axe
16:47 Gold Mining
16:48 Stone Mining
25:11 Horse Collar
26:42 Heavy Plow
27:54 Wheelbarrow
28:56 Bow Saw
29:39 Hand Cart
30:16 Gold Shaft Mining
33:36 Imperial Age
31:43 Thumb Ring
32:05 Husbandry
32:20 Bloodlines
32:03 Treadmill Crane
32:16 Fletching
32:27 Padded Archer Armor
33:06 Kasbah
33:47 Bodkin Arrow
34:07 Leather Archer Armor
34:24 Fortified Wall
33:45 Elite Camel Archer
35:33 Chemistry
34:59 Conscription
34:37 Town Watch
35:48 Ballistics
36:42 Ring Archer Armor
36:13 Bracer
36:23 Light Cavalry
37:38 Maghrebi Camels
38:10 Scale Barding Armor
38:16 Forging
39:07 Hussar
40:11 Chain Barding Armor
40:27 Iron Casting
39:50 Heavy Camel Rider
42:25 Caravan
54:46 Siege Engineers
54:51 Masonry
55:19 Plate Barding Armor
55:45 Blast Furnace
54:47 Scale Mail Armor
ME_DEPRIME_JUGAR_CON_USTEDES
11:33 Feudal Age
11:55 Loom
14:24 Double-Bit Axe
19:34 Castle Age
21:09 Bow Saw
26:23 Town Watch
28:37 Town Patrol
29:30 Wheelbarrow
31:17 Gold Mining
35:12 Imperial Age
33:47 Hand Cart
33:33 Horse Collar
36:19 Conscription
36:07 Arquebus
36:28 Conscription
38:48 Two-Man Saw
37:50 Heavy Plow
37:43 Stone Mining
38:12 Padded Archer Armor
38:19 Scale Barding Armor
39:48 Chemistry
39:19 Elite Organ Gun
44:36 Padded Archer Armor
44:42 Caravan
45:55 Masonry
46:06 Ballistics
46:31 Circumnavigation
50:01 Architecture
49:49 Leather Archer Armor
49:25 Fletching
51:12 Bombard Tower
50:49 Bodkin Arrow
51:52 Bracer
51:56 Treadmill Crane
52:22 Siege Engineers
53:47 Ring Archer Armor
55:16 Murder Holes
Connection lost

Rejoining the realm…

Still unreachable

The connection could not be restored.

Session expired

The server has moved on; the page needs a fresh start.